[Event "*** Titled Tuesday Blitz"]
[Site "Chess.com"]
[Date "2021.03.02"]
[Round "2"]
[White "Diamantidis_13"]
[Black "Shahaliyev"]
[Result "1/2-1/2"]
[WhiteElo "2427"]
[BlackElo "2718"]
[TimeControl "180+1"]
[EndTime "10:17:25 PST"]
[Termination "Game drawn by repetition"]

1. Nf3 d5 2. d4 Nf6 3. c4 c6 4. Nc3 dxc4 5. a4 g6 6. e4 Bg7 7. Bxc4 O-O 8. h3 b6 9. Qe2 a5 10. Be3 Ba6 11. O-O Qc8 12. e5 Nd5 13. Nxd5 cxd5 14.
Bb5 Bxb5 15. axb5 Ra7 16. Rfc1 Rc7 17. Rxc7 Qxc7 18. Rc1 Qd7 19. Rc3 Rc8 20. Qc2 Rxc3 21. Qxc3 h6 22. Qd3 Qc8 23. Kf1 Kh7 24. Ke2 Nd7 25.
Kd2 Nf8 26. Qc3 Qf5 27. Kc1 Ne6 28. Qc6 Qd3 29. Qxb6 Qc4+ 30. Kd2 Qb4+ 31. Kc2 Qc4+ 32. Kd2 Qb4+ 33. Kc2 Qc4+ 34. Kd2 1/2-1/2

[Event "*** Titled Tuesday Blitz"]
[Site "Chess.com"]
[Date "2021.03.02"]
[Round "2"]
[White "PSvidler"]
[Black "Arkady_Gitelson"]
[Result "1-0"]
[WhiteElo "2915"]
[BlackElo "2558"]
[TimeControl "180+1"]
[EndTime "10:17:26 PST"]
[Termination "PSvidler won on time"]

1. e4 c5 2. Nf3 Nc6 3. Bb5 e6 4. O-O Nge7 5. c3 a6 6. Ba4 b5 7. Bc2 Bb7 8. Re1 Ng6 9. a4 bxa4 10. Bxa4 Bd6 11. d4 O-O 12. dxc5 Bxc5 13. Be3 Bxe3 14. Rxe3 Nce5 15. Nbd2 Ng4 16. Re1 d5 17. e5 Qc7 18. Bc2 f5 19. exf6 Rxf6 20. h3 Nxf2 21. Kxf2 Qc5+ 22. Kf1 Raf8 23. Qe2 d4 24.
Bxg6 Rxg6 25. cxd4 Qxd4 26. Qe3 Qh4 27. Re2 Qg3 28.
Rf2 e5 29. Kg1 Qxh3 30. Qb3+ Kh8 31. Qxb7 Qg3 32. Ne4 Qf4 33. Nfg5 1-0

[Event "*** Titled Tuesday Blitz"]
[Site "Chess.com"]
[Date "2021.03.02"]
[Round "2"]
[White "GMaka"]
[Black "olksuna"]
[Result "0-1"]
[WhiteElo "2429"]
[BlackElo "2671"]
[TimeControl "180+1"]
[EndTime "10:17:26 PST"]
[Termination "olksuna won by resignation"]

1. d4 Nf6 2. Bg5 e6 3. e4 h6 4.
Bxf6 Qxf6 5. Nc3 Bb4 6. Qd2 d6 7. Nge2 Nc6 8. f4 e5 9. d5 Nd4 10. a3 Nxe2 11. Bxe2 Bxc3 12. Qxc3 Qxf4 13. Qxc7 O-O 14.
Bf3 Qe3+ 15. Kd1 Bh3 16. Re1 Qf2 17. Qxd6 Rac8 18. Rc1 Rc4 19. c3 Bxg2 20. Bxg2 Qxg2 21. Re2 Qf3 22. Qxe5 f5 23. Kd2 Rxe4 24. Rxe4 fxe4 25. Qg3 e3+ 26. Kc2 Qe4+ 27. Kb3 Qxd5+ 28. c4 Qe4 29. Re1 e2 30. Qc3 Rf3 0-1

[Event "*** Titled Tuesday Blitz"]
[Site "Chess.com"]
[Date "2021.03.02"]
[Round "2"]
[White "Arvids_Andrejevs"]
[Black "Synctel"]
[Result "1-0"]
[WhiteElo "2370"]
[BlackElo "2016"]
[TimeControl "180+1"]
[EndTime "10:17:26 PST"]
[Termination "Arvids_Andrejevs won on time"]

1. e4 e6 2. d4 d5 3. Nd2 Nc6 4. c3 e5 5. exd5 Qxd5 6. Ndf3 exd4 7. cxd4 Bb4+ 8. Bd2 Bxd2+ 9. Qxd2 Nge7 10. Bd3 O-O 11. Ne2 Bf5 12. Nf4 Qd7 13. O-O Rad8 14. Bxf5 Qxf5 15.
Rac1 Nd5 16. Nxd5 Rxd5 17. Rfd1 Rfd8 18. Qe3 h6 19. h3 Qf6 20. Rc4 a6 21. a4 Qd6 22. Qc3 Rd7 23. b4 Ne7 24. Rc1 c6 25.
Ne5 Rd8 26. Nf3 Nf5 27. Rd1 Qf6 28. b5 axb5 29. axb5 Rxb5 30. Rb4 Rxb4 31. Qxb4 Rd7 32. Ne5 Re7 33. Ng4 Qe6 34. Qb1 Qe4 35. Qb2 Nd6 36. Ne3 Nb5 37. d5 1-0

[Event "*** Titled Tuesday Blitz"]
[Site "Chess.com"]
[Date "2021.03.02"]
[Round "2"]
[White "Ajedrez_con_German"]
[Black "Eltaj_Safarli"]
[Result "0-1"]
[WhiteElo "2560"]
[BlackElo "2915"]
[TimeControl "180+1"]
[EndTime "10:17:27 PST"]
[Termination "Eltaj_Safarli won by resignation"]

1. b3 Nf6 2. Bb2 g6 3. e3 Bg7 4. Nf3 O-O 5. Be2 c5 6. O-O b6 7. c4 Bb7 8. Nc3 d6 9. d4 Nbd7 10. d5 a6 11. a4 Qc7 12. Qd2 Rfe8 13. Bd3 e6 14. e4 exd5 15. exd5 Ng4 16. h3 Nge5 17.
Nxe5 Nxe5 18. Rfe1 Re7 19. Re2 Rae8 20. Rae1 Bc8 21.
f4 Nxd3 22. Qxd3 Bf5 23. Qd2 h5 24. Nd1 Bxb2 25. Qxb2 Bd3 26. Re3 Rxe3 27. Rxe3 Rxe3 28. Nxe3 Qe7 29. Qd2 Qe4 30. Nd1 Bb1 31. Nc3 Qd3 32. Qxd3 Bxd3 33. Na2 h4 34. Nc1 Bc2 35. Kf2 Kg7 36. Kf3 Kf6 37. Kg4 Bd1+ 38. Kxh4 Kf5 39. Nd3 Bxb3 40. Nb2 Kxf4 0-1

[Event "*** Titled Tuesday Blitz"]
[Site "Chess.com"]
[Date "2021.03.02"]
[Round "2"]
[White "Chowman64"]
[Black "andy_rekt"]
[Result "1-0"]
[WhiteElo "2665"]
[BlackElo "2276"]
[TimeControl "180+1"]
[EndTime "10:17:27 PST"]
[Termination "Chowman64 won on time"]

1. Nf3 c5 2. e4 Nc6 3. Bb5 Nf6 4. e5 Nd5 5. Nc3 Nc7 6. Bxc6 dxc6 7. h3 Ne6 8. d3 Nd4 9. Ne4 e6 10. c3 Nb5 11. Bg5 Be7 12. Bxe7 Qxe7 13. a4 Nc7 14. Nd6+ Kf8 15. O-O b6 16. Re1 a5 17. Qd2 h6 18.
Qf4 Ba6 19. d4 Nd5 20. Qg3 Kg8 21. dxc5 bxc5 22. c4 Nb4 23. Rad1 Rb8 24. Re4 Kh7 25. Rh4 Rhf8 26. Rg4 Rg8 27. Rd2 Rbd8 28. Ng5+ hxg5 29. Rxg5 g6 30. Qh4+ Kg7 31. Rxg6+ Kxg6 32. Qxe7 Rdf8 33. Re2 Kh7 34. Qh4+ Kg7 35. Re4 1-0

[Event "*** Titled Tuesday Blitz"]
[Site "Chess.com"]
[Date "2021.03.02"]
[Round "2"]
[White "DamianoLew95"]
[Black "Chandradi"]
[Result "0-1"]
[WhiteElo "2584"]
[BlackElo "2335"]
[TimeControl "180+1"]
[EndTime "10:17:27 PST"]
[Termination "Chandradi won by resignation"]

1. d4 Nf6 2. Bf4 g6 3. Nc3 d5 4. e3 Bg7 5. h4 h5 6. Nf3 Bg4 7. Be2 c6 8. Qd2 Nbd7 9. Ne5 Bxe2 10. Qxe2 Nxe5 11. Bxe5 Rc8 12. O-O-O Qa5 13. Kb1 O-O 14. f3 c5 15. Bxf6 exf6 16. Nxd5 Kh8 17. dxc5 Rxc5 18. b4 Rb5 19. c4 Rxb4+ 20. Nxb4 Qxb4+ 21. Qb2 Qxc4 22. Qb3 Qe2 23. g4 Qxf3 24. gxh5 Qxh5 25. Qd5 f5 26. Qg2 Bf6 27. Rd2 Kh7 28. Qe2 Qxe2 29. Rxe2 Kg7 30. Rd2 Rh8 31. Rd7 Bxh4 32. Rxb7 g5 33.
Rxa7 Rb8+ 34. Kc2 Bf2 35. Kd3 Re8 36. Ra6 Bxe3 37. Rah6 g4 38. Rh7+ Kf6 39. Rh8 Re7 40. a4 g3 41. a5 g2 42. a6 0-1

[Event "*** Titled Tuesday Blitz"]
[Site "Chess.com"]
[Date "2021.03.02"]
[Round "2"]
[White "TimKett"]
[Black "manitodeplomo"]
[Result "0-1"]
[WhiteElo "2183"]
[BlackElo "2611"]
[TimeControl "180+1"]
[EndTime "10:17:29 PST"]
[Termination "manitodeplomo won by checkmate"]

1. e4 g6 2. d4 Bg7 3. Nc3 c5 4. d5 d6 5. f4 Nf6 6. Bb5+ Nfd7 7. a4 O-O 8. Nf3 Na6 9. O-O Nb4 10. f5 Nf6 11. fxg6 hxg6 12. Bg5 e6 13. Qe1 exd5 14. Qh4 c4 15. exd5 a6 16. Ne4 Qb6+ 17. Kh1 Nxe4 18.
Qxe4 axb5 19. Nh4 Rxa4 20. Rxa4 bxa4 21. Nxg6 fxg6 22. Rxf8+ Kxf8 23. Qe7+ Kg8 24. Qe8+ Kh7 25. Qxc8 Qf2 26. h4 Qf1+ 27. Kh2 Be5+ 28. g3 Qf2+ 29. Kh1 Qe1+ 30. Kh2 Qxg3+ 31. Kh1 Qh2# 0-1

[Event "*** Titled Tuesday Blitz"]
[Site "Chess.com"]
[Date "2021.03.02"]
[Round "2"]
[White "esteban062000"]
[Black "shnitez"]
[Result "0-1"]
[WhiteElo "2174"]
[BlackElo "2528"]
[TimeControl "180+1"]
[EndTime "10:17:29 PST"]
[Termination "shnitez won by resignation"]

1. Nf3 Nf6 2. c4 e6 3. Nc3 d5 4. cxd5 exd5 5. d4 c6 6. g3 Bf5 7. Bg2 Nbd7 8. O-O h6 9. a3 Be7 10. b4 a6 11. Na4 b5 12. Nc5 Nb6 13. Ne5 Qc8 14. Re1 O-O 15. Bf4 a5 16. Qd2 Bxc5 17. dxc5 Nc4 18. Nxc4 bxc4 19. Bd6 Re8 20. b5 cxb5 21.
Bxd5 Nxd5 22. Qxd5 Be4 23. Qd2 f5 24. Qf4 b4 25.
axb4 axb4 26. Rxa8 Qxa8 27. Rc1 b3 28. f3 b2 29.
fxe4 bxc1=Q+ 30. Qxc1 Qxe4 31. Qd1 c3 32. Bf4 c2 33.
Qc1 Qxe2 34. c6 Qd1+ 35. Kf2 Re2+ 36. Kf3 Rd2+ 0-1

[Event "*** Titled Tuesday Blitz"]
[Site "Chess.com"]
[Date "2021.03.02"]
[Round "2"]
[White "indfraeng"]
[Black "onetowin"]
[Result "1-0"]
[WhiteElo "2410"]
[BlackElo "2145"]
[TimeControl "180+1"]
[EndTime "10:17:29 PST"]
[Termination "indfraeng won by resignation"]

1. d4 Nf6 2. c4 e6 3. g3 d5 4. Bg2 Be7 5. Nf3 O-O 6. O-O dxc4 7. Ne5 Nc6 8. Nxc6 bxc6 9. Na3 Bxa3 10. bxa3 Ba6 11.
Bf4 Rb8 12. Qa4 Rb6 13. Rab1 Qc8 14. Bxc6 Nd5 15. Bxd5 exd5 16. Qa5 Rd8 17. Qc5 Qf5 18. Rxb6 cxb6 19. Qc7 Qd7 20. Qe5 Re8 21. Qg5 h6 22.
Qh5 c3 23. Be5 f6 24. Bxf6 gxf6 25. Qg6+ Kf8 26. Qxf6+ Kg8 27. Qg6+ Kf8 28. Qxh6+ Kg8 29. Qg5+ Kf8 30. Qf6+ Kg8 31. Qg5+ Kf8 32. Rc1 Bxe2 33. Rxc3 Qf7 34. Rc6 Bf3 35. Qh6+ Kg8 36. Rg6+ Qxg6 37. Qxg6+ Kh8 38. Qf6+ Kg8 39. Qxf3 Kg7 40. Qxd5 1-0

[Event "*** Titled Tuesday Blitz"]
[Site "Chess.com"]
[Date "2021.03.02"]
[Round "2"]
[White "Unknown_IM"]
[Black "WilliamSchill"]
[Result "1/2-1/2"]
[WhiteElo "2386"]
[BlackElo "2110"]
[TimeControl "180+1"]
[EndTime "10:17:29 PST"]
[Termination "Game drawn by repetition"]

1. e4 c5 2. Nf3 Nc6 3. Bb5 Nf6 4. Bxc6 dxc6 5. d3 g6 6. h3 Bg7 7. Nc3 O-O 8. Be3 b6 9. O-O Ne8 10. Qc1 Nc7 11. Bh6 Ne6 12. Bxg7 Kxg7 13. a3 a5 14. Qe3 Nd4 15. Rac1 Nxf3+ 16. Qxf3 e5 17.
Ne2 f6 18. Rfd1 Be6 19. c3 Qe7 20. d4 Rad8 21. Qe3 Bc4 22. dxc5 Bxe2 23. Qxe2 Qxc5 24. Rd2 Rxd2 25. Qxd2 Rf7 26. Rd1 Qc4 27. f3 Qc5+ 28. Kh1 h5 29. Qd6 Qxd6 30. Rxd6 Rc7 31. Kg1 Kf7 32.
Kf2 Ke7 33. Rd3 Rd7 34. Ke3 Rxd3+ 35. Kxd3 Kd6 36. Kc4 b5+ 37. Kd3 a4 38. c4 Kc5 39.
cxb5 cxb5 40. Kc3 h4 41. Kd3 Kc6 42. Kc2 Kb6 43. Kd2 Kc6 44. Kc2 Kb6 45. Kd2 Kc6 46.
Kc3 Kc5 47. b3 axb3 48. Kxb3 Kc6 49. Kc2 Kc5 50. Kc3 Kc6 51. Kb4 Kb6 52. Kc3 Kc5 53. Kb3 Kc6 54. Kc3 Kc5 55. Kb3 1/2-1/2

[Event "*** Titled Tuesday Blitz"]
[Site "Chess.com"]
[Date "2021.03.02"]
[Round "2"]
[White "baki83"]
[Black "Hypercar"]
[Result "1-0"]
[WhiteElo "2805"]
[BlackElo "2527"]
[TimeControl "180+1"]
[EndTime "10:17:30 PST"]
[Termination "baki83 won on time"]

1. e4 c5 2. Nf3 e6 3. c3 d5 4. exd5 exd5 5. d4 Nf6 6. Bd3 Be7 7. dxc5 Bxc5 8. O-O O-O 9. h3 h6 10. Bf4 Nc6 11.
Nbd2 Be6 12. Nb3 Be7 13. Re1 Qb6 14. Qd2 Ne4 15. Qc2 Bf6 16. Be3 Qc7 17. Nfd4 Nxd4 18. Bxd4 Be7 19. Bxe4 dxe4 20. Rxe4 Bd6 21. Re3 Bf4 22. Re2 Bc4 23. Ree1 b6 24. Qf5 Rae8 25. g3 Bxg3 26. Qg4 Bh2+ 27. Kg2 Bd5+ 28. f3 Be5 29.
Nd2 f5 30. Qh4 Bxd4 31. Qxd4 Bb7 32. Qc4+ Qxc4 33. Nxc4 Bc6 34. Ne5 Bb7 35. Kf2 Rd8 36. Rad1 g5 37. Nd7 1-0

[Event "*** Titled Tuesday Blitz"]
[Site "Chess.com"]
[Date "2021.03.02"]
[Round "2"]
[White "ShimanovAlex"]
[Black "Albertu"]
[Result "1-0"]
[WhiteElo "2798"]
[BlackElo "2341"]
[TimeControl "180+1"]
[EndTime "10:17:31 PST"]
[Termination "ShimanovAlex won by resignation"]

1. e4 c5 2. Nf3 d6 3. Bb5+ Nd7 4. c4 Nf6 5. Nc3 g6 6. O-O Bg7 7. d3 O-O 8. h3 a6 9. Ba4 b6 10. Re1 Bb7 11. a3 e6 12. Rb1 d5 13. e5 Ne8 14.
Bf4 Nc7 15. b4 cxb4 16. axb4 d4 17. Ne4 b5 18. Bc2 Nb6 19. Nd6 Bxf3 20. Qxf3 bxc4 21.
dxc4 f6 22. Qc6 fxe5 23. Bg3 Rb8 24. Bxe5 Bxe5 25. Rxe5 Qd7 26. Qxd7 Nxd7 27. Ree1 e5 28. c5 Kg7 29. Ba4 Rfd8 30. Bxd7 Rxd7 31. Rxe5 Nb5 32.
Nc4 Nc3 33. Rb3 a5 34. c6 Ra7 35. Rxa5 Rxa5 36. Nxa5 Nb5 37. Kf1 Ra8 38. Ke2 Kf6 39.
Kd3 Ke6 40. Kc4 Kd6 41. Kxb5 1-0

[Event "*** Titled Tuesday Blitz"]
[Site "Chess.com"]
[Date "2021.03.02"]
[Round "2"]
[White "gemarin"]
[Black "Hangar-18"]
[Result "0-1"]
[WhiteElo "1902"]
[BlackElo "2361"]
[TimeControl "180+1"]
[EndTime "10:17:31 PST"]
[Termination "Hangar-18 won on time"]

1. d4 Nf6 2. c4 e6 3. Nf3 Bb4+ 4. Bd2 a5 5. g3 d5 6. Qc2 O-O 7. Bg2 dxc4 8. Qxc4 Qd5 9. Qc2 Nc6 10. e3 Qe4 11. Qxe4 Nxe4 12. Nc3 Nxd2 13. Nxd2 Bxc3 14. bxc3 Rb8 15. Nb3 a4 16. Nc5 a3 17. Rb1 Na5 18. O-O b6 19. Rfc1 Re8 20. Rb4 e5 21. Nd3 e4 22. Nf4 Bb7 23. Ra4 g5 24. Ne2 Ba6 25. Bf1 Bb5 26. Rxa3 Nc4 27. Rb3 Bc6 28. Rb4 Nd2 29.
Bg2 Ra8 30. Rc2 Nf3+ 31. Bxf3 exf3 32. Nc1 Be4 33. Rcb2 h5 34. h3 h4 35. g4 f5 36. c4 fxg4 37. hxg4 h3 0-1

[Event "*** Titled Tuesday Blitz"]
[Site "Chess.com"]
[Date "2021.03.02"]
[Round "2"]
[White "dachessmandan"]
[Black "katchesskat"]
[Result "1-0"]
[WhiteElo "2481"]
[BlackElo "2285"]
[TimeControl "180+1"]
[EndTime "10:17:32 PST"]
[Termination "dachessmandan won on time"]

1. d4 c5 2. d5 e5 3. e4 a6 4. c4 d6 5. Nc3 Ne7 6. f4 exf4 7. Bxf4 Ng6 8. Bg3 Be7 9. Nf3 Bg4 10. Be2 Bxf3 11. Bxf3 O-O 12. O-O Bh4 13.
Qe1 Nd7 14. a3 Nde5 15. b3 Nd3 16. Qe3 Bxg3 17. hxg3 Nde5 18. Ne2 b5 19. Rac1 Rb8 20. Nf4 Qg5 21. Be2 Rfe8 22. cxb5 axb5 23. a4 bxa4 24.
bxa4 Rb2 25. Bb5 Re7 26. Qc3 Ra2 27. Ra1 Nxf4 28. Rxa2 Nh5 29. a5 Nxg3 30. a6 Nxf1 31. a7 Rxa7 32. Rxa7 h5 33. Bxf1 Ng4 34. Ra8+ Kh7 35.
Qf3 Qh4 36. Qf5+ g6 37. Qxf7+ Kh6 38. Qf4+ 1-0

[Event "*** Titled Tuesday Blitz"]
[Site "Chess.com"]
[Date "2021.03.02"]
[Round "2"]
[White "Beca95"]
[Black "dcremisi"]
[Result "1-0"]
[WhiteElo "2882"]
[BlackElo "2545"]
[TimeControl "180+1"]
[EndTime "10:17:34 PST"]
[Termination "Beca95 won on time"]

1. d4 d5 2. Bf4 Nf6 3. Nf3 e6 4.
e3 Bd6 5. Nbd2 Bxf4 6. exf4 O-O 7. Bd3 Nbd7 8. O-O c5 9. dxc5 Nxc5 10. Qe2 Nxd3 11. Qxd3 Bd7 12. Nd4 Qb6 13. Rab1 Rac8 14. c3 Bc6 15. Rfe1 Rfd8 16. a3 Re8 17. Qg3 Rcd8 18. f5 Bd7 19. fxe6 Bxe6 20. Re5 Bd7 21. h3 Rxe5 22. Qxe5 Re8 23. Qf4 Ne4 24. Nxe4 dxe4 25. Qe3 Qd6 26. Rd1 Qe7 27. Rd2 Rf8 28. Ne2 b6 29.
Nf4 Bc6 30. Qd4 h6 31. Qd6 Qb7 32. Nh5 f6 33. Nf4 Re8 34. h4 e3 35. fxe3 Rxe3 36. h5 Re1+ 37. Kf2 Re8 38. c4 Be4 39. Re2 Bc6 40.
Re6 Rxe6 41. Qxe6+ Kh7 42. Ng6 Qc7 43. g3 Bb7 44. Ne7 Qc5+ 45. Kf1 Bd5 46. cxd5 Qc1+ 47. Kg2 Qd2+ 48. Kh3 1-0

[Event "*** Titled Tuesday Blitz"]
[Site "Chess.com"]
[Date "2021.03.02"]
[Round "2"]
[White "Das_Virus_2020"]
[Black "Gloomy_Wanderer"]
[Result "0-1"]
[WhiteElo "2484"]
[BlackElo "2704"]
[TimeControl "180+1"]
[EndTime "10:17:35 PST"]
[Termination "Gloomy_Wanderer won by resignation"]

1. e4 c5 2. c3 a6 3. d4 cxd4 4. cxd4 d5 5. e5 Nc6 6. Nc3 Bf5 7. Nf3 e6 8. Be2 Qb6 9. O-O Rc8 10. Na4 Qa7 11.
Be3 b5 12. Nc3 Bb4 13. Nb1 Nge7 14. Nbd2 Na5 15. a4 Bc2 16. Qe1 Bxa4 17. Rc1 O-O 18. Rxc8 Rxc8 19. Qa1 Bc2 20. Rc1 Bg6 21. Rxc8+ Nxc8 22.
Qc1 Qb7 23. g4 Qc6 24. Qxc6 Nxc6 25. h4 h5 26. g5 Nb6 27. Kf1 Na4 28. b3 Nc3 29. Ne1 Nxe2 30. Kxe2 Na5 31. Nd3 Bxd2 32. Kxd2 Nxb3+ 33. Kc3 Bxd3 34. Kxb3 Kh7 35. Kb4 Kg6 36. Bd2 Kf5 37. Ka5 Kg4 38. Kxa6 Kxh4 39. Kb6 0-1

[Event "*** Titled Tuesday Blitz"]
[Site "Chess.com"]
[Date "2021.03.02"]
[Round "2"]
[White "ural58"]
[Black "Heretoflag"]
[Result "1-0"]
[WhiteElo "2527"]
[BlackElo "2296"]
[TimeControl "180+1"]
[EndTime "10:17:35 PST"]
[Termination "ural58 won on time"]

1. e4 c6 2. b3 d5 3. Qe2 dxe4 4.
Nc3 Nf6 5. Nxe4 Nxe4 6. Qxe4 Nd7 7. Bb2 Nf6 8. Qe5 Qd5 9. Nf3 Qxe5+ 10. Nxe5 Bf5 11.
O-O-O e6 12. Be2 Nd7 13. Nc4 O-O-O 14. g4 Bg6 15. f4 h5 16. g5 Rg8 17. Bf3 Kc7 18.
h4 b5 19. Na5 Nb8 20. Be5+ Bd6 21. d4 Kb6 22. Bxd6 Rxd6 23. b4 Rgd8 24. c3 Na6 25.
Rhe1 Nc7 26. c4 Rxd4 27. c5+ Ka6 28. Rxd4 Rxd4 29. Nxc6 Rxf4 30. Be2 1-0

[Event "*** Titled Tuesday Blitz"]
[Site "Chess.com"]
[Date "2021.03.02"]
[Round "2"]
[White "TeukkaSalama"]
[Black "mamonika"]
[Result "1-0"]
[WhiteElo "2369"]
[BlackElo "2012"]
[TimeControl "180+1"]
[EndTime "10:17:35 PST"]
[Termination "TeukkaSalama won on time"]

1. d4 d5 2. Bf4 Nf6 3. e3 e6 4. Nf3 c5 5. c3 Nc6 6. Nbd2 cxd4 7. exd4 Bd6 8. Bg3 O-O 9. Bd3 Re8 10. Ne5 Qc7 11.
f4 a6 12. O-O b5 13. Bh4 Be7 14. Bxf6 Bxf6 15. Rf3 h6 16. Rh3 b4 17. Qg4 Nxe5 18.
fxe5 Bg5 19. Rd1 bxc3 20. bxc3 Rb8 21. Rg3 f5 22. exf6 e5 23. Bf5 Bxf6 24. Qg6 Bxf5 25. Qxf6 Bc2 26. Rf1 exd4 27. cxd4 Rb6 28. Qf3 Be4 29. Qh5 Rbe6 30. Qg4 Kh7 31. Nb3 1-0

[Event "*** Titled Tuesday Blitz"]
[Site "Chess.com"]
[Date "2021.03.02"]
[Round "2"]
[White "Volodar_Murzin"]
[Black "Gogolev_Artemy"]
[Result "1-0"]
[WhiteElo "2698"]
[BlackElo "2481"]
[TimeControl "180+1"]
[EndTime "10:17:36 PST"]
[Termination "Volodar_Murzin won by resignation"]

1. e4 c5 2. Nf3 Nf6 3. e5 Nd5 4.
Nc3 Nxc3 5. bxc3 d5 6. d4 Nc6 7. Be3 Bg4 8. Be2 e6 9. O-O Be7 10. h3 Bxf3 11. Bxf3 cxd4 12. cxd4 Na5 13. Be2 O-O 14. Rb1 Rc8 15. Bd3 b6 16. f4 Nc4 17.
Bc1 f5 18. exf6 Bxf6 19. c3 Nd6 20. Bd2 Qd7 21. Qe2 Nc4 22. Be1 Rfe8 23. g4 g6 24. Bg3 Bg7 25. Kh2 Rc6 26. h4 Nd6 27. Be1 Qd8 28. h5 gxh5 29. g5 Ne4 30. Qxh5 Rf8 31.
Rb2 Qe8 32. Qh4 Nxc3 33. Qxh7+ Kf7 34. Bg6+ Ke7 35. Bxe8 Rh8 36. Qxh8 Bxh8 37. Bxc6 1-0

[Event "*** Titled Tuesday Blitz"]
[Site "Chess.com"]
[Date "2021.03.02"]
[Round "2"]
[White "Bongcloudtransvestit"]
[Black "Berardino"]
[Result "0-1"]
[WhiteElo "2305"]
[BlackElo "2565"]
[TimeControl "180+1"]
[EndTime "10:17:36 PST"]
[Termination "Berardino won by resignation"]

1. c4 e6 2. Nf3 d5 3. b3 Nf6 4. Bb2 Be7 5. e3 O-O 6. d3 b6 7. Nbd2 Bb7 8. a3 c5 9. cxd5 Nxd5 10. Qc2 Bf6 11. Be2 Nc6 12. O-O Rc8 13. Rac1 Qe7 14. Rfe1 Rfd8 15. Qb1 Bxb2 16. Qxb2 e5 17. Ne4 Kh8 18. Ng3 f6 19. Bf1 Qe6 20. Qb1 Re8 21. Ne4 f5 22. Ned2 Nf6 23. b4 e4 24. dxe4 fxe4 25. Ng5 Qd5 26. h4 Ne5 27. Nc4 Nd3 28.
Red1 h6 29. Nh3 cxb4 30. axb4 Rxc4 31. Rxc4 Qxc4 32. Nf4 Qf7 33. Nxd3 exd3 34. Bxd3 Ne4 35. b5 Qxf2+ 0-1

[Event "*** Titled Tuesday Blitz"]
[Site "Chess.com"]
[Date "2021.03.02"]
[Round "2"]
[White "kubal123"]
[Black "c_r_e_e_p_e_r"]
[Result "0-1"]
[WhiteElo "2203"]
[BlackElo "2425"]
[TimeControl "180+1"]
[EndTime "10:17:36 PST"]
[Termination "c_r_e_e_p_e_r won by resignation"]

1. d4 Nf6 2. c4 g6 3. Nc3 Bg7 4. e4 O-O 5. h4 h5 6. Bg5 d6 7. f3 Nc6 8. Be2 e5 9. d5 Nd4 10. Bd3 c5 11. dxc6 bxc6 12. Nge2 Ne6 13. Be3 Nd7 14. Bc2 Qe7 15. Qd2 Rd8 16. g4 Nf6 17. Rg1 Nf4 18. g5 Nd7 19. Nxf4 exf4 20. Bxf4 Ne5 21. Bxe5 Qxe5 22. O-O-O Rb8 23. f4 Qa5 24. e5 Bg4 25. exd6 Bxd1 26. Rxd1 Qb4 27. Bb3 Bxc3 28. bxc3 Qa3+ 29. Kc2 a5 30. Qc1 Qc5 31. d7 Qf5+ 32. Rd3 Rxd7 33. Qf1 Rbd8 0-1

[Event "*** Titled Tuesday Blitz"]
[Site "Chess.com"]
[Date "2021.03.02"]
[Round "2"]
[White "anon219"]
[Black "eduardoperalta"]
[Result "1-0"]
[WhiteElo "2845"]
[BlackElo "2534"]
[TimeControl "180+1"]
[EndTime "10:17:38 PST"]
[Termination "anon219 won by checkmate"]

1. e4 c5 2. Nf3 d6 3. d4 cxd4 4. Nxd4 Nf6 5. Nc3 Nc6 6. f3 e5 7. Nb3 Be7 8. Be3 O-O 9. Qd2 a5 10. Bb5 Na7 11. Bxa7 Rxa7 12. a4 Be6 13. O-O-O Nd7 14.
Kb1 Nc5 15. Nxc5 dxc5 16. Qe2 Qc8 17. Bc4 b6 18. Bxe6 Qxe6 19. Rd5 Raa8 20. Nb5 Rac8 21.
Rhd1 c4 22. c3 g6 23. Rd7 Bc5 24. R1d5 Bg1 25. R5d6 Qe8 26. Nc7 Rxc7 27. Rxc7 Qxa4 28. Qxc4 Qe8 29. h4 Bc5 30. Rdd7 h5 31. Qd5 a4 32. Qc6 Kg7 33. Rxf7+ Qxf7 34. Rxf7+ Rxf7 35. Qxa4 Bf2 36.
Qb5 Re7 37. Kc2 Kf6 38. b4 Re6 39. c4 Bxh4 40. c5 bxc5 41. bxc5 Re7 42. Qb6+ Kf7 43. c6 Re6 44. Qb7+ Be7 45. c7 g5 46. c8=Q h4 47. Qbb8 Rf6 48. Qg8# 1-0

[Event "*** Titled Tuesday Blitz"]
[Site "Chess.com"]
[Date "2021.03.02"]
[Round "2"]
[White "eldur16"]
[Black "nrvisakh"]
[Result "0-1"]
[WhiteElo "2526"]
[BlackElo "2800"]
[TimeControl "180+1"]
[EndTime "10:17:38 PST"]
[Termination "nrvisakh won by resignation"]

1. Nf3 g6 2. e4 Bg7 3. d4 c5 4. d5 d6 5. Nc3 Nf6 6. Be2 O-O 7. O-O e6 8. Bf4 exd5 9. exd5 a6 10. a4 Re8 11. Nd2 Nbd7 12. Bxd6 Nb6 13. Bxc5 Nfxd5 14. Nxd5 Nxd5 15. Nc4 Bxb2 16. Bf3 Bxa1 17. Bxd5 Be6 18. Nd6 Be5 19. Bxb7 Bxd6 20. Bxd6 Ra7 21. Bc6 Bd7 22. Bd5 Bxa4 23. Qd4 Rd7 24. Qxa4 Rxd6 25. c4 Kg7 26. g3 h5 27. Rb1 h4 28. Rb7 Rxd5 29. cxd5 Re1+ 30.
Kg2 Qxd5+ 31. Kh3 Qxb7 0-1

[Event "*** Titled Tuesday Blitz"]
[Site "Chess.com"]
[Date "2021.03.02"]
[Round "2"]
[White "1800_strength"]
[Black "1977Ivan"]
[Result "0-1"]
[WhiteElo "2506"]
[BlackElo "2758"]
[TimeControl "180+1"]
[EndTime "10:17:38 PST"]
[Termination "1977Ivan won by resignation"]

1. Nc3 d5 2. e4 dxe4 3. Nxe4 Nf6 4. Nxf6+ exf6 5. Nf3 Bd6 6. Bc4 O-O 7. O-O Bg4 8. h3 Bh5 9. d4 Nd7 10. Qd3 Bg6 11. Qb3 Nb6 12. Bd3 Re8 13. Nh4 Be4 14. Bxe4 Rxe4 15. Nf5 Bf8 16. Qf3 Re6 17. c3 c6 18. Bd2 Qd7 19. Rae1 Rae8 20. b3 g6 21. Nh6+ Bxh6 22. Bxh6 f5 23. Bd2 h5 24. Rxe6 Rxe6 25.
Re1 Nd5 26. c4 Nf6 27. Rxe6 Qxe6 28. Bf4 Qe4 29. Be5 Qxf3 30. gxf3 Nd7 31. Bd6 f6 32.
Kf1 Kf7 33. Ke2 Ke6 34. Bc7 g5 35. Kd3 Nf8 36. b4 Ng6 37. a4 a6 38. Kc3 Nh4 39.
b5 axb5 40. axb5 Nxf3 41. d5+ cxd5 42. c5 Kd7 43. Bb8 g4 44. hxg4 fxg4 0-1

[Event "*** Titled Tuesday Blitz"]
[Site "Chess.com"]
[Date "2021.03.02"]
[Round "2"]
[White "Kale36"]
[Black "Bodnar_Mykola"]
[Result "0-1"]
[WhiteElo "2284"]
[BlackElo "2480"]
[TimeControl "180+1"]
[EndTime "10:17:38 PST"]
[Termination "Bodnar_Mykola won on time"]

1. b3 d5 2. Bb2 Bg4 3. f3 Bh5 4.
e4 dxe4 5. Qe2 Nd7 6. Qb5 Nf6 7.
Bxf6 exf6 8. Qxh5 exf3 9. Qxf3 c6 10. d4 Bb4+ 11. c3 Bd6 12. Bd3 O-O 13. Ne2 Re8 14.
O-O g6 15. Nd2 f5 16. Rae1 Qc7 17. g3 Nf6 18. Nc4 Bf8 19. Ne5 Nd5 20. Bc4 Rad8 21.
Nf4 Bg7 22. Nxd5 cxd5 23. Bxd5 Bxe5 24. Rxe5 Rxe5 25. dxe5 Qc5+ 26. Kg2 Rxd5 27. c4 Rxe5 28. Qxb7 Re2+ 29. Kh3 f4 30. Qb8+ Kg7 31. Qxf4 Qh5+ 32. Qh4 Qe5 33. Qf4 Qe6+ 34. g4 h5 35. Kg3 hxg4 36.
Qd4+ Kh7 37. Qf4 f5 38. Rf2 Re1 39. Qc7+ Kh6 40. Qf4+ Kh5 41. Kg2 Qc6+ 0-1

[Event "*** Titled Tuesday Blitz"]
[Site "Chess.com"]
[Date "2021.03.02"]
[Round "2"]
[White "Aygehovit1992"]
[Black "frankshar"]
[Result "1-0"]
[WhiteElo "2626"]
[BlackElo "2322"]
[TimeControl "180+1"]
[EndTime "10:17:40 PST"]
[Termination "Aygehovit1992 won by checkmate"]

1. e4 c6 2. Nc3 d5 3. Nf3 Nf6 4. e5 Ne4 5. d4 Nxc3 6. bxc3 c5 7. Rb1 Nc6 8. c4 cxd4 9. cxd5 Qxd5 10. Bb5 Bg4 11. O-O e6 12. Ba4 Bxf3 13. gxf3 O-O-O 14. Bf4 g5 15. Bg3 h5 16. h3 a6 17. Bb3 Qc5 18. Re1 Bg7 19. Qe2 Rd7 20. Qe4 Na5 21. Red1 Nxb3 22.
Rxb3 Qd5 23. Qe2 Kb8 24. Rdb1 Ka8 25. Rb6 Qa5 26. Qe4 Qd5 27. Qd3 Qa5 28. a4 h4 29.
Bh2 Rc8 30. Qe4 Rcc7 31. Qh7 Bxe5 32. Bxe5 Qxe5 33. Rxa6+ bxa6 34. Qg8+ Rc8 35. Qxc8+ Ka7 36.
Qxd7+ Ka8 37. Qb7# 1-0